 Dungeon Crawl Stone Soup version 0.21-a0-528-gf531e82 (webtiles) character file.

2185 Amnesiac the Archer (level 9, -6/69 HPs)
             Began as a Mummy Hunter on Dec 8, 2017.
             Was a Priest of Okawaru.
             Killed by divine providence
             ... invoked by an orc priest
              (12 damage)
             ... on level 7 of the Dungeon.
             The game lasted 00:13:38 (6810 turns).

Amnesiac the Archer (Mummy Hunter)                  Turns: 6810, Time: 00:13:40

Health: -6/69      AC:  9    Str: 23    XL:     9   Next: 11%
Magic:  11/11      EV: 10    Int: 10    God:    Okawaru [***...]
Gold:   379        SH:  0    Dex: 13    Spells: 7/8 levels left

rFire    x x .     SeeInvis .   b - +0 dagger (pain)
rCold    + + .     Gourm    .   (no shield)
rNeg     + + +     Faith    +   i - +0 scale mail
rPois    ∞         Spirit   .   z - +0 helmet
rElec    .         Reflect  .   f - +0 cloak
rCorr    .         Harm     .   (no gloves)
MR       +....                  s - +0 pair of boots
Stlth    ..........             o - amulet of faith
HPRegen  0.21/turn              n - +5 ring of strength
MPRegen  0.12/turn              r - ring of ice

@: no status effects
A: no food or potions, fire vulnerability, cold resistance 1, negative energy
resistance 3, torment resistance, unbreathing
a: Heroism, Renounce Religion


You were on level 7 of the Dungeon.
You worshipped Okawaru.
Okawaru was most pleased with you.
You were not hungry.

You visited 2 branches of the dungeon, and saw 8 of its levels.

You collected 379 gold pieces.

Inventory:

Hand Weapons
 a - a +1 shortbow
 b - a +0 dagger of pain (weapon)
 q - a +0 hand crossbow
 y - a +2 dagger of speed
Missiles
 c - 218 stones (quivered)
 d - 32 arrows
 A - 14 bolts
 C - 36 poisoned needles
Armour
 f - a +0 cloak (worn)
 i - a +0 scale mail (worn)
 s - a +0 pair of boots (worn)
 z - a +0 helmet (worn)
Magical Staves
 t - an uncursed staff of fire
Jewellery
 n - a +5 ring of strength (left hand)
 o - an amulet of faith (around neck)
 r - a ring of ice (right hand)
Wands
 e - a wand of scattershot (6)
 j - a wand of acid (9)
 D - a wand of iceblast (8)
Scrolls
 g - a scroll of magic mapping {!r}
 h - 6 scrolls of remove curse {!r}
 k - a scroll of enchant weapon {!r, unknown}
 l - a scroll of fog {!r}
 m - 2 scrolls of enchant armour {!r}
 u - a scroll of immolation {!r, unknown}
 v - 3 scrolls of identify {!r}
 w - 2 scrolls of teleportation {!r}
 x - a scroll of fear {!r, unknown}
Books
 p - the Collected Works on Black Arts
   (You found it on level 5 of the Dungeon)

   Spells                             Type                      Level
   a - Animate Skeleton               Necromancy                   1
   b - Corpse Rot                     Necromancy                   2
   c - Sublimation of Blood           Necromancy                   2
   d - Regeneration                   Charms/Necromancy            3
   e - Animate Dead                   Necromancy                   4
   f - Death Channel                  Necromancy                   6
 B - a book of Cantrips

   Spells                             Type                      Level
   a - Confusing Touch                Hexes                        1
   b - Animate Skeleton               Necromancy                   1
   c - Summon Small Mammal            Summoning                    1
   d - Apportation                    Translocation                1


   Skills:
 - Level 6.0 Fighting
 * Level 1.8 Short Blades
 - Level 8.0 Bows
 - Level 1.5 Armour
 - Level 1.5 Dodging
 - Level 0.7 Stealth
 + Level 3.5 Necromancy
 - Level 2.8 Invocations


You had 7 spell levels left.
You knew the following spells:

 Your Spells              Type           Power        Failure   Level  Hunger
a - Animate Skeleton      Necr           N/A          22%         1    N/A

Dungeon Overview and Level Annotations

Branches:
Dungeon (7/15)             Temple (1/1) D:5

Altars:
Ashenzari
Cheibriados
Elyvilon
Fedhas
Gozag
Hepliaklqana
Kikubaaqudgha
Makhleb
Nemelex Xobeh
Okawaru
Qazlal
Ru
Sif Muna
Trog
Uskayaw
Vehumet
Wu Jian
Xom
Yredelemnul
Zin
The Shining One


Innate Abilities, Weirdness & Mutations

You do not eat or drink.
Your flesh is vulnerable to fire.
You are immune to poison.
Your flesh is cold resistant. (rC+)
You are immune to negative energy. (rN+++)
You are immune to unholy pain and torment.
You can survive without breathing.


Message History

A puff of flame appears from out of thin air!
The puff of flame hits you! The fire burns you terribly!
Something hits you but does no damage.
You barely miss something. Something hits you.
You miss something.
You hear some strange, mumbled words.
A puff of flame appears from out of thin air!
The puff of flame hits you!
You miss something. Something hits you.
The orc priest looks encouraged for a moment.
Something hits you but does no damage.
You hit something. Something hits you but does no damage.
You completely miss something. Something hits you but does no damage.
You hit something. Something hits you. x2
You closely miss something. Something hits you.
You closely miss something. Something hits you.
Something hits you but does no damage.
You miss something. Something hits you but does no damage.
You closely miss something. Something hits you but does no damage.
The orc priest looks braver for a moment.
You hit something.
Something hits you but does no damage. x2
You miss something.
You hear some strange, mumbled words.
A puff of flame appears from out of thin air!
The puff of flame hits you! The fire burns you terribly!
You hit something.
Something hits you but does no damage. x2
You hit something but do no damage.
You hear some strange, mumbled words.
A puff of frost appears from out of thin air!
The puff of frost hits you!
You miss something. Something hits you but does no damage.
You miss something. Something hits you.
You hear some strange, mumbled words.
A magic dart appears from out of thin air!
The magic dart hits you!
* * * LOW HITPOINT WARNING * * *
You miss something. Something hits you but does no damage.
You miss something.
You hear some strange, mumbled words.
A puff of flame appears from out of thin air!
The puff of flame hits you!
* * * LOW HITPOINT WARNING * * *
You miss something. Something hits you but does no damage.
You hear some strange, mumbled words.
A magic dart appears from out of thin air!
The magic dart hits you!
* * * LOW HITPOINT WARNING * * *
You hit something but do no damage. Okawaru accepts your kill.
Reactivating autopickup.
You feel a bit more experienced.
The orc priest mumbles some strange prayers to Beogh against you.
Beogh smites you!
* * * LOW HITPOINT WARNING * * *
You hit the orc.
The orc is moderately wounded.
The orc closely misses you.
You are too injured to fight recklessly!
You closely miss the orc.
The orc is moderately wounded.
The orc closely misses you.
The orc priest mumbles some strange prayers to Beogh against you.
Beogh smites you!
You die...

##)## #.......
##.#.## #.......
##.###.####.....#
#.## ##.# ##.....
##.###.## #..###
##.#.## #..###
##.## #.....
..#########.#
#.####
.(..olo@....# #.#
# ..###########
#.#### #.....
###### ### ..# ##
#.# .# #.# .####
###.#


You could see an iguana, an orc priest and an orc.

Vanquished Creatures
  Sigmund (D:3)
  A hungry ghost (D:7)
  Menkaure (D:4)
  An orc warrior (D:6)
  A phantom (D:3)
  3 ogres
  A necrophage (D:7)
  A bullfrog (D:6)
  A scorpion (D:6)
  The ghost of Anon1729 the Conjurer, a weakling DsCj (D:3)
  2 crimson imps
  3 bullfrog zombies
  2 centaur skeletons
  A hound (D:5)
  A bullfrog skeleton (D:5)
  10 orc wizards
  Jessica (D:3)
  Ijyb (D:5)
  2 iguanas
  4 worker ants
  2 hound zombies (D:4)
  A hound skeleton (D:4)
  A worker ant zombie (D:6)
  10 adders
  8 gnolls
  An adder skeleton (D:7)
  2 worms
  2 dart slugs
  4 leopard geckos
  22 orcs
  5 giant cockroaches
  8 goblins
  8 hobgoblins
  4 jackals (D:6)
  4 quokkas
  A ball python zombie (D:4)
  4 bats
  3 frilled lizards
  2 giant cockroach zombies (D:4)
  A jackal zombie (D:4)
  5 kobolds
  A leopard gecko skeleton (D:4)
  2 leopard gecko zombies (D:4)
  6 rats
146 creatures vanquished.

Notes
Turn   | Place    | Note
-------+----------+-------------------------------------------
     0 | D:1      | Amnesiac the Mummy Hunter began the quest for the Orb.
     0 | D:1      | Reached XP level 1. HP: 16/16 MP: 1/1
    70 | D:1      | Reached skill level 1 in Armour
   172 | D:1      | Reached XP level 2. HP: 20/22 MP: 2/2
   422 | D:1      | Found a shattered altar of Ashenzari.
   470 | D:1      | Reached XP level 3. HP: 27/27 MP: 3/3
   731 | D:2      | Noticed a hand axe
   731 | D:2      | Noticed a hand axe
   734 | D:2      | Found a hide-covered altar of Uskayaw.
   834 | D:2      | Found a faded altar of an unknown god.
   988 | D:2      | Found an ornate altar of the Wu Jian Council.
  1183 | D:3      | Noticed Sigmund
  1185 | D:3      | Found a hazy altar of Hepliaklqana.
  1352 | D:4      | Reached skill level 4 in Bows
  1352 | D:4      | Reached XP level 4. HP: 28/34 MP: 4/4
  1474 | D:4      | Found a sacrificial altar of Ru.
  1511 | D:5      | Entered Level 5 of the Dungeon
  1511 | D:5      | Found a sacrificial altar of Ru.
  1511 | D:5      | Found a bloodstained altar of Trog.
  1511 | D:5      | Found a burning altar of Makhleb.
  1930 | D:6      | Noticed a bullfrog
  1943 | D:6      | Killed a bullfrog
  1943 | D:6      | Reached XP level 5. HP: 18/41 MP: 5/5
  2113 | D:5      | Found a staircase to the Ecumenical Temple.
  2124 | Temple   | Entered the Ecumenical Temple
  2146 | Temple   | Became a worshipper of Warmaster Okawaru
  2183 | D:5      | Identified the Collected Works on Black Arts
  2305 | D:2      | Reached skill level 5 in Bows
  2422 | D:3      | Noticed Anon1729's ghost (weakling DsCj)
  2423 | D:3      | Noticed Jessica
  2431 | D:3      | Killed Jessica
  2431 | D:3      | Reached XP level 6. HP: 48/48 MP: 6/6
  2681 | D:3      | Killed Anon1729's ghost
  3462 | D:3      | Killed Sigmund
  3462 | D:3      | Reached * piety under Okawaru
  3462 | D:3      | Reached skill level 6 in Bows
  3462 | D:3      | Reached XP level 7. HP: 37/55 MP: 7/7
  3532 | D:3      | Found a sparkling altar of Nemelex Xobeh.
  3898 | D:4      | Reached skill level 1 in Invocations
  4313 | D:4      | Noticed Menkaure
  4324 | D:4      | Killed Menkaure
  4324 | D:4      | Reached ** piety under Okawaru
  4324 | D:4      | Reached skill level 5 in Fighting
  4561 | D:5      | Noticed Ijyb
  4571 | D:5      | Killed Ijyb
  4571 | D:5      | Reached XP level 8. HP: 26/62 MP: 9/9
  4831 | D:5      | Found a glowing silver altar of Zin.
  4990 | D:5      | Reached skill level 7 in Bows
  5039 | D:5      | Found a deep blue altar of Sif Muna.
  5193 | D:6      | Learned a level 1 spell: Animate Skeleton
  5202 | D:6      | Reached skill level 1 in Necromancy
  5607 | D:6      | Reached *** piety under Okawaru
  6323 | D:7      | Reached skill level 8 in Bows
  6397 | D:7      | Reached XP level 9. HP: 31/69 MP: 11/11
  6716 | D:7      | Reached skill level 1 in Short Blades
  6810 | D:7      | Killed from afar by an orc priest

Vault maps used:
D:1:      elethiomel_arrival_quiet, evilmike_ruin_ashenzari
D:2:      marbit_many_paths, dancing_weapons_uskayaw,
          chequers_ecumenical_altar_simple
D:3:      overflow_temple_1_default, nemelex_altar_shiori, first_bread,
          uniq_jessica, uniq_sigmund
D:4:      serial_undead, serial_undead_e, serial_undead_b, serial_undead_c,
          serial_undead_a, minmay_ruined_shrine, uniq_menkaure
D:5:      cheibrodos_helix_gallery, led_sif_pool, kennysheep_mini_moat,
          grunt_temple_overflow_open, minmay_temple_entry_steel_oval, uniq_ijyb
Temple:   nicolae_temple_x_marks_the_god

Skill      XL: |  1  2  3  4  5  6  7  8  9 |
---------------+----------------------------+-----
Armour         | 1 |  1.5
Bows           | 4 5 6 8 |  8.0
Fighting       | 3 4 5 6 |  6.0
Invocations    | 2 |  2.8
Necromancy     | 3 |  3.5
Short Blades   | 1 |  1.8
Dodging        | |  1.5
Stealth        | |  0.7

Action                   |  1- 3 |  4- 6 |  7- 9 || total
-------------------------+-------+-------+-------++-------
Melee: Short sword       |    55 |   168 |    35 ||   258
       Dagger            |       |       |   314 ||   314
 Fire: Shortbow          |    77 |    25 |   151 ||   253
Throw: Stone             |       |    17 |       ||    17
Evoke: Wand              |       |     1 |     5 ||     6
  Use: Scroll            |       |     8 |       ||     8
Armor: Leather armour    |     5 |       |       ||     5
       Scale mail        |    35 |   105 |   136 ||   276
Dodge: Dodged            |    52 |   107 |   151 ||   310

Table legend:
 A = Spawn XP
 B = Non-spawn XP
 C = Spawn XP percentage of total XP
 D = Spawn monster count
 E = Non-spawn monster count
 F = Spawn count percentage of total count
 G = Total turns spent on level
                    A         B        C        D         E        F      G
               +---------+---------+-------+---------+---------+-------+---------
         Total |       0 |    3122 |   0.0 |       0 |     146 |   0.0 |  6810
               +---------+---------+-------+---------+---------+-------+---------
           D:1 |       0 |      45 |   0.0 |       0 |      25 |   0.0 |   617
           D:2 |       0 |      63 |   0.0 |       0 |       9 |   0.0 |  1100
           D:3 |       0 |     647 |   0.0 |       0 |      27 |   0.0 |  1072
           D:4 |       0 |     393 |   0.0 |       0 |      20 |   0.0 |   915
           D:5 |       0 |     588 |   0.0 |       0 |      17 |   0.0 |  1017
           D:6 |       0 |     757 |   0.0 |       0 |      23 |   0.0 |  1318
           D:7 |       0 |     629 |   0.0 |       0 |      25 |   0.0 |   738
               +---------+---------+-------+---------+---------+-------+---------
